AoeStats
← Martin

Black Forest

509775067Analyzed
2v2 RM · 4d ago on Sep 28, 2026· 16m 27s· 4 players
Game mode
Random Map
Map size
Medium (4 player)
Population
200
Speed
Normal
Resources
Standard
Victory
Conquest
Starting age
Dark Age
Ending age
Imperial Age
RankedLock teamsTeams togetherTeam positionsShared explorationLock speedFull tech treeHidden civsTurbo modeCheats
Victory
Defeat
🇲🇽 Georgians · Mexico
727
+18
🇵🇪 Bulgarians · Peru
707
+19
🇨🇱 Varangians · Chile
845
-22
🇨🇱 Teutons · Chile
685
-32
Patt
11:40 Feudal Age
12:50 Arson
14:37 Double-Bit Axe
17:03 Forging
16:54 Scale Mail Armor
muelaluis19
11:04 Feudal Age
11:51 Loom
12:44 Double-Bit Axe
14:11 Horse Collar
Martin
13:14 Feudal Age
Garek
5:01 Loom
13:21 Feudal Age
13:47 Double-Bit Axe
14:19 Town Watch
14:27 Horse Collar
Connection lost

Rejoining the realm…

Still unreachable

The connection could not be restored.

Session expired

The server has moved on; the page needs a fresh start.